 Dungeon Crawl Stone Soup version 0.28.0 (webtiles) character file.

Game seed: 1324189646119598998

4341 spaghetti the Spear-Bearer (level 10, -12/84 HPs)
             Began as a Deep Dwarf Chaos Knight on Feb 18, 2022.
             Was an Elder of Jiyva.
             Mangled by a spatial vortex (20 damage)
             ... summoned by a spatial maelstrom
             ... on level 4 of the Abyss.
             The game lasted 00:18:11 (5508 turns).

spaghetti the Spear-Bearer (DDCK)                   Turns: 5508, Time: 00:18:12

Health: -12/84     AC:  7    Str: 25 (27) XL:     10   Next: 12%
Magic:  6/6        EV:  9    Int: 12 (13) God:    Jiyva [****..]
Gold:   231        SH:  9    Dex: 15 (16) Spells: 9/9 levels left

rFire   . . .      SeeInvis .   s - +1 trident "Wamos" {elec, rC- rN+ Str+7}
rCold   + . .      Faith    .   q - +2 kite shield
rNeg    + . .      Spirit   .   b - +2 leather armour
rPois   .          Reflect  .   g - +0 helmet
rElec   .          Harm     .   (no cloak)
rCorr   +          Rampage  .   (no gloves)
Will    +....                   (no boots)
Stlth   +.........              (no amulet)
HPRegen 1.28/turn               (no ring)
MPRegen 0.50/turn               (no ring)

@: calling ooze, hasted and slowed, unable to read
A: damage resistance, heal wounds, sense surroundings 3, no regeneration, agile
2, cold resistance 2, passive freeze, evolution 1, tendrils, jelly sensing
items, inability to read while threatened, MP-powered wands
a: Heal Wounds, Renounce Religion, Oozemancy, Slimify


You were on level 4 of the Abyss.
You worshipped Jiyva.
Jiyva was greatly pleased with you.
You visited 1 branch of the dungeon, and saw 9 of its levels.
You visited the Abyss 2 times.

You collected 231 gold pieces.

Inventory:

Hand Weapons
 a - a +0 hand axe of chaos
 l - a +3 dagger of electrocution
 s - the +1 trident "Wamos" (weapon) {elec, rC- rN+ Str+7}
   (You found it on level 5 of the Dungeon)

   It occasionally discharges a powerful burst of electricity upon striking a
   foe.
   Str:       It affects your strength (+7).
   rC:        It makes you vulnerable to cold.
   rN:        It protects you from negative energy.
Armour
 b - a +2 leather armour (worn)
 g - a +0 helmet (worn)
 q - a +2 kite shield (worn)
 r - a +0 tower shield
Wands
 t - a wand of paralysis (10)
Scrolls
 f - 3 scrolls of fear
 j - a scroll of immolation
 m - a scroll of teleportation
 u - a scroll of identify
Potions
 n - a potion of might {unknown}
 p - a potion of degeneration


   Skills:
 - Level 3.5 Fighting
 - Level 4.2 Short Blades
 - Level 3.2(9.1) Axes
 + Level 11.1(11.3) Polearms
 - Level 7.0 Armour
 - Level 1.1 Dodging
 + Level 0.0 Shields


You had 9 spell levels left.
You didn't know any spells.
Your spell library contained the following spells:

 Spells                   Type           Power      Damage    Failure   Level
 Beastly Appendage        Tmut           0%         N/A       80%         1
 Wereblood                Tmut           0%         N/A       90%         2
 Confusing Touch          Hex            0%         N/A       99%         3
 Spider Form              Tmut/Pois      0%         N/A       99%         3
 Yara's Violent Unravell  Hex/Tmut       0%         3d3       100%        5
 Enfeeble                 Hex            0%         N/A       100%        7


Dungeon Overview and Level Annotations

Branches:
Dungeon (9/15)             Temple (0/1) D:5
   Lair: D:8-11         Orc: D:9-12

Altars:
Ashenzari
Elyvilon
Fedhas
Kikubaaqudgha
Okawaru
Jiyva

Portals:
Sewer: D:6
Ossuary: D:6


Innate Abilities, Weirdness & Mutations

You are resistant to damage.
You can heal yourself by infusing magical energy.
You passively map a large area around you.
You do not regenerate.
You are very agile. (Dex +4)
Your flesh is very cold resistant. (rC++)
A frigid envelope surrounds you and freezes all who hurt you.
You have hidden genetic potential.
You are covered in slimy tendrils that may disarm your opponents.
You have a small jelly attached to you that senses nearby items.
You sometimes lose the ability to read scrolls when taking damage.
You expend magic power (3 MP) to strengthen your wands.


Message History

The worldbinder calls forth creatures from the Crypt!
The thrashing horror tramples you!
You hold your ground!
The thrashing horror resists.
The thrashing horror is very cold.
The thrashing horror is moderately damaged.
The thrashing horror tramples you.
You hold your ground!
The thrashing horror resists.
The thrashing horror is very cold.
The thrashing horror is moderately damaged.
The spatial maelstrom hits you! Space warps horribly around you!
The spatial maelstrom resists.
The spatial maelstrom is very cold.
The spatial maelstrom is lightly damaged.
The spatial maelstrom closely misses you.
The thrashing horror tramples you!!
* * * LOW HITPOINT WARNING * * *
You hold your ground!
The thrashing horror resists.
The thrashing horror is very cold.
The thrashing horror is severely damaged.
The thrashing horror tramples you.
* * * LOW HITPOINT WARNING * * *
You hold your ground!
The thrashing horror resists.
The thrashing horror is very cold.
The thrashing horror is almost destroyed.
A starcursed mass splits.
A spatial vortex comes into view.
Unknown command.
Unknown command.
You cannot read scrolls in your current state!
Unknown command.
Your magical essence is drained by the effort!
You feel much better.
The freezing wraith disappears in a puff of smoke!
The thrashing horror closely misses you.
You block the thrashing horror's attack.
The thrashing horror tramples you but does no damage.
You block the thrashing horror's attack. x2
The thrashing horror tramples you.
* * * LOW HITPOINT WARNING * * *
You hold your ground!
The spatial vortex hits you!
* * * LOW HITPOINT WARNING * * *
Space warps horribly around you!!
You die...

. .# . ..# .
. .. .#.. #
.......# .###
..#.. .# #.#
#..##.. ## .
.#....D5.. .
####*.....#
v. #
#.#v##..#.#>#
..
####@vpxvW##
.#
#.#X#sXv###
##..#§v.# #
##..vX.#
####X## #.X#
#X.## .X.. ##
.. #


You could see 3 starcursed masses, a spatial maelstrom, a demonic crawler, 5
spatial vortices, 2 thrashing horrors, a freezing wraith (summoned), a
necromancer (summoned), a worldbinder, a white imp and a lurking horror.

Vanquished Creatures
  A tentacled starspawn (Abyss:3)
  A wizard (D:9)
  A troll (D:9)
  Grinder (D:3)
  A large abomination (Abyss:3)
  Sigmund (D:3)
  A steam dragon (D:9)
  A water moccasin (D:7)
  A black bear (D:8)
  2 orc warriors
  2 necrophages
  3 ogres
  2 phantoms
  A kobold brigand (D:7)
  9 scorpions
  7 wights
  4 centaur zombies (D:7)
  A bullfrog zombie (D:7)
  A human zombie (D:7)
  3 hounds
  3 orc priests
  2 bullfrog skeletons
  2 orc wizards (D:8)
  A killer bee zombie (D:7)
  A mummy (D:7)
  A howler monkey zombie (D:7)
  3 gnolls (D:5)
  A howler monkey skeleton (D:6)
  9 adders
  A white imp (D:5)
  An ufetubus (D:5)
  An adder skeleton (D:4)
  A worm (D:2)
  6 orcs
  2 giant cockroaches (D:6)
  3 goblins
  7 hobgoblins
  7 kobolds
  6 quokkas
  7 ball pythons
  8 bats
  2 frilled lizards (D:1)
  7 rats
126 creatures vanquished.

Vanquished Creatures (collateral kills)
  A skeletal warrior (D:9)
  A large abomination (Abyss:3)
  A smoke demon (Abyss:3)
  A steam dragon (D:6)
  A centaur (D:9)
  A white imp (Abyss:3)
6 creatures vanquished.

Vanquished Creatures (others)
  A water moccasin (D:6)
  A black bear (D:6)
  A wyvern skeleton (D:6)
  2 wights (D:8)
  A centaur zombie (D:6)
  11 jellies
  A hound (D:6)
  2 iguanas
  An orc wizard (D:5)
  2 adders (D:5)
  4 orcs
  A bat (D:1)
  An endoplasm (D:3)
  A giant cockroach (D:2)
  A quokka (D:1)
  2 frilled lizards (D:2)
  4 kobolds
  A rat (D:2)
  2 fungi (D:8)
  A plant (D:8)
  13 starspawn tentacles
54 creatures vanquished.

Grand Total: 186 creatures vanquished

Notes
Turn   | Place    | Note
-------+----------+-------------------------------------------
     0 | D:1      | spaghetti the Deep Dwarf Chaos Knight began the quest for
                  | the Orb.
     0 | D:1      | Reached XP level 1. HP: 20/20 MP: 1/1
   219 | D:1      | XOM: cast spell 'Summon Small Mammal'
   281 | D:1      | Found a faded altar of an unknown god.
   304 | D:1      | Prayed at the altar of an unknown god.
   304 | D:1      | Fell from the grace of Xom
   304 | D:1      | Became a worshipper of Jiyva Joxaec the Shapeless
   304 | D:1      | Reached * piety under Jiyva
   356 | D:1      | Reached XP level 2. HP: 27/27 MP: 2/2
   757 | D:2      | Reached ** piety under Jiyva
   851 | D:2      | Reached XP level 3. HP: 33/33 MP: 3/3
   871 | D:2      | XOM: give mutations
   871 | D:2      | Gained mutation: Armour fits poorly on your strangely
                  | shaped body. [Xom's mischief]
   871 | D:2      | Gained mutation: You are clumsy. (Dex -2) [Xom's mischief]
   871 | D:2      | Gained mutation: You expend magic power (3 MP) to
                  | strengthen your wands. [Xom's mischief]
  1158 | D:2      | Found a blossoming altar of Fedhas.
  1395 | D:2      | XOM: polymorph jelly -> river rat
  1419 | D:2      | XOM: noise
  1424 | D:3      | Reached *** piety under Jiyva
  1424 | D:3      | Lost mutation: Armour fits poorly on your strangely shaped
                  | body. [Jiyva's grace]
  1424 | D:3      | Gained mutation: Your flesh is cold resistant. (rC+)
                  | [Jiyva's grace]
  1424 | D:3      | Gained mutation: Your flesh is very cold resistant. (rC++)
                  | [Jiyva's grace]
  1424 | D:3      | Gained mutation: Your flesh is almost immune to the effects
                  | of cold. (rC+++) [Jiyva's grace]
  1424 | D:3      | Lost mutation: You are clumsy. (Dex -2) [Jiyva's grace]
  1596 | D:3      | Noticed Sigmund
  1603 | D:3      | Reached XP level 4. HP: 31/40 MP: 4/4
  1612 | D:3      | Killed Sigmund
  1613 | D:3      | Reached skill level 5 in Armour
  1613 | D:3      | Reached XP level 5. HP: 46/46 MP: 5/5
  1618 | D:3      | Noticed Grinder
  1633 | D:3      | Paralysed by Grinder for 7 turns
  1645 | D:3      | Paralysed by Grinder for 6 turns
  1656 | D:3      | Paralysed by Grinder for 3 turns
  1664 | D:3      | Killed Grinder
  1665 | D:3      | Reached XP level 6. HP: 43/55 MP: 6/6
  1834 | D:3      | Reached **** piety under Jiyva
  1923 | D:4      | Reached XP level 7. HP: 59/62 MP: 7/7
  2258 | D:4      | Found an iron altar of Okawaru.
  2341 | D:5      | Entered Level 5 of the Dungeon
  2341 | D:5      | Found a staircase to the Ecumenical Temple.
  2449 | D:5      | Identified the +1 trident "Wamos" {elec, rC- rN+ Str+7}
  2507 | D:5      | Found a white marble altar of Elyvilon.
  2544 | D:5      | Reached skill level 2 in Polearms
  2547 | D:5      | Reached ***** piety under Jiyva
  2549 | D:5      | Lost mutation: You expend magic power (3 MP) to strengthen
                  | your wands. [Jiyva's grace]
  2549 | D:5      | Gained mutation: You have a small jelly attached to you
                  | that senses nearby items. [Jiyva's grace]
  2549 | D:5      | Gained mutation: Your system is resistant to poisons.
                  | (rPois) [Jiyva's grace]
  2549 | D:5      | Gained mutation: You are agile. (Dex +2) [Jiyva's grace]
  2549 | D:5      | Gained mutation: You are very agile. (Dex +4) [Jiyva's
                  | grace]
  2554 | D:5      | Found a blossoming altar of Fedhas.
  2721 | D:6      | Reached skill level 3 in Polearms
  2732 | D:6      | Reached XP level 8. HP: 69/69 MP: 8/8
  2788 | D:6      | Reached skill level 4 in Polearms
  2828 | D:6      | Reached skill level 5 in Polearms
  2915 | D:6      | Reached skill level 6 in Polearms
  2979 | D:6      | Found a sand-covered staircase.
  3052 | D:6      | Found a glowing drain.
  3342 | D:7      | Reached skill level 7 in Polearms
  3444 | D:7      | Gained mutation: You passively map the area around you.
                  | [Deep Dwarf growth]
  3444 | D:7      | Reached XP level 9. HP: 76/76 MP: 9/9
  3444 | D:7      | XOM: give mutation
  3444 | D:7      | Gained mutation: You sometimes lose the ability to read
                  | scrolls when taking damage. [Xom's mischief]
  3463 | D:7      | XOM: 1-stop teleportation journey
  3486 | D:7      | XOM: summons 6 hostile demons
  3576 | D:7      | XOM: give mutations
  3576 | D:7      | Gained mutation: You passively map a large area around you.
                  | [Xom's mischief]
  3576 | D:7      | Gained mutation: You are dopey. (Int -2) [Xom's mischief]
  3576 | D:7      | Lost mutation: Your system is resistant to poisons. (rPois)
                  | [Xom's mischief]
  3587 | D:7      | XOM: noise
  3710 | D:7      | Found an ancient bone altar of Kikubaaqudgha.
  3730 | D:7      | Reached skill level 8 in Polearms
  3924 | D:7      | Found a broken altar of Ashenzari.
  4257 | D:8      | XOM: blink monster(s)
  4304 | D:8      | XOM: 3-stop teleportation journey
  4385 | D:8      | Reached skill level 9 in Polearms
  4446 | D:8      | Lost mutation: Your flesh is almost immune to the effects
                  | of cold. (rC+++) [Jiyva's grace]
  4446 | D:8      | Lost mutation: You are dopey. (Int -2) [Jiyva's grace]
  4446 | D:8      | Gained mutation: You are covered in slimy tendrils that may
                  | disarm your opponents. [Jiyva's grace]
  4446 | D:8      | Gained mutation: You expend magic power (3 MP) to
                  | strengthen your wands. [Jiyva's grace]
  4446 | D:8      | Gained mutation: A frigid envelope surrounds you and
                  | freezes all who hurt you. [Jiyva's grace]
  4446 | D:8      | Gained mutation: You have hidden genetic potential.
                  | [Jiyva's grace]
  4690 | D:8      | Reached ****** piety under Jiyva
  4733 | D:9      | Noticed a troll
  4740 | D:9      | Killed a troll
  4741 | D:9      | Reached skill level 10 in Polearms
  4753 | D:9      | Noticed a wizard
  4753 | D:9      | XOM: summons 13 hostile demons
  4767 | D:9      | Cast into level 3 of the Abyss (a wizard)
  4773 | Abyss:3  | Noticed a bone dragon
  4782 | Abyss:3  | Noticed a lich
  4818 | Abyss:3  | Noticed a smoke demon
  4823 | Abyss:3  | Noticed a large abomination
  4832 | Abyss:3  | Noticed a smoke demon
  4851 | Abyss:3  | Killed a large abomination
  4854 | Abyss:3  | Killed a smoke demon
  4914 | D:9      | Escaped the Abyss
  4916 | D:9      | Noticed a skeletal warrior
  4916 | D:9      | Noticed a skeletal warrior
  4916 | D:9      | Noticed a skeletal warrior
  4917 | D:9      | Noticed a skeletal warrior
  4919 | D:9      | Killed a wizard
  4929 | D:9      | Killed a skeletal warrior
  4930 | D:9      | Reached skill level 11 in Polearms
  4930 | D:9      | Reached XP level 10. HP: 78/84 MP: 10/10
  4964 | D:8      | Cast into level 2 of the Abyss (Xom)
  4964 | Abyss:2  | Found a corrupted altar of Lugonu.
  4995 | Abyss:2  | Noticed a tentacled starspawn
  5028 | Abyss:2  | Found a large runed translucent door.
  5028 | Abyss:2  | Found a large runed translucent door.
  5050 | Abyss:2  | Noticed a tentacled starspawn
  5136 | Abyss:3  | Noticed a smoke demon
  5201 | Abyss:3  | Noticed a tentacled starspawn
  5208 | Abyss:3  | Killed a tentacled starspawn
  5230 | Abyss:3  | Found a corrupted altar of Lugonu.
  5307 | Abyss:3  | Noticed a spatial maelstrom
  5319 | Abyss:3  | Noticed a red very ugly thing
  5319 | Abyss:3  | Noticed a blizzard demon
  5322 | Abyss:3  | XOM: enchant monster (bad)
  5359 | Abyss:3  | Noticed a spatial maelstrom
  5403 | Abyss:4  | Noticed a thrashing horror
  5438 | Abyss:4  | Noticed a thrashing horror
  5439 | Abyss:4  | Noticed a thrashing horror
  5450 | Abyss:4  | Noticed a worldbinder
  5454 | Abyss:4  | Noticed a sixfirhy
  5460 | Abyss:4  | Noticed a spatial maelstrom
  5460 | Abyss:4  | Noticed a bone dragon
  5469 | Abyss:4  | Noticed a necromancer
  5473 | Abyss:4  | Noticed a satyr
  5495 | Abyss:4  | Noticed a necromancer
  5495 | Abyss:4  | Noticed a necromancer
  5497 | Abyss:4  | Noticed a starcursed mass
  5505 | Abyss:4  | Noticed a necromancer
  5508 | Abyss:4  | Mangled by a spatial vortex

Illustrated notes

Levels and vault maps discovered:
D:1:      lightli_iron_boxes, layout_basic, ebering_ecumenical_altar_rust
D:2:      layout_loops_ring, basic_altar
D:3:      layout_rooms, uniq_grinder, uniq_sigmund
D:4:      layout_basic, lemuel_round_altar, minmay_misc_feat_tiny,
          minmay_misc_feat_four_crosses
D:5:      layout_rooms, fedhas_altar_1, mainiacjoe_overflow_alcove_1,
          minmay_temple_entry_arrows
D:6:      layout_cave_pools, gup_sewer_entry_pipe, enter_ossuary_2
D:7:      layout_basic, ashenzari_conservatory_becter,
          lemuel_mausoleum_altar_kikubaaqudgha, enter_bailey_6,
          minmay_misc_feat_columns
D:8:      old_forge, layout_basic, dk_rats_in_the_wall
D:9:      layout_rooms, nicolae_dithmenos_the_darkroom
Abyss:4:  base: D:7, evilmike_abyss_exit_2, evilmike_abyss_exit_2,
          evilmike_abyss_exit_12, evilmike_abyss_exit_12, hangedman_abyss_sting,
          evilmike_abyss_rune_elephants_shrine, evilmike_abyss_exit_12,
          bh_abyss_negative, nicolae_abyss_rune_left_handed

Skill      XL: |  1  2  3  4  5  6  7  8  9 |
---------------+----------------------------+-----
Armour         | 3 4 5 6 7 |  7.0
Short Blades   | 2 3 4 |  4.2
Fighting       | 3 |  3.5
Polearms       | 3 7 11 | 11.1
Axes           | |  3.2
Dodging        | |  1.1

Action                   |  1- 3 |  4- 6 |  7- 9 | 10-12 || total
-------------------------+-------+-------+-------+-------++-------
Melee: Hand axe          |    95 |       |       |       ||    95
       Punch             |     2 |       |       |       ||     2
       Dagger            |    11 |    49 |    47 |       ||   107
       Trident           |       |       |   329 |    24 ||   353
Invok: Slimify           |       |       |       |     3 ||     3
       Oozemancy         |       |       |       |     1 ||     1
 Abil: Heal Wounds       |       |       |       |    16 ||    16
  Use: Scroll            |     3 |     2 |     4 |     3 ||    12
       Potion            |       |       |     2 |     5 ||     7
 Stab: Distracted        |     1 |       |     1 |     1 ||     3
       Sleeping          |     1 |       |     6 |       ||     7
Armor: Leather armour    |    45 |    14 |   141 |    34 ||   234
Dodge: Dodged            |    55 |    17 |   222 |    55 ||   349
Block: Kite shield       |       |       |       |    40 ||    40
